 Dungeon Crawl Stone Soup version 0.29.0-11-gd7f09526c8 (webtiles) character file.

Game seed: 13224695854109429279

3152 Shayle the Covert (level 9, -18/56 HPs)
             Began as a Vampire Enchanter on Sept 2, 2022.
             Was an Initiate of Gozag.
             Demolished by a vault guard
             ... wielding a +0 broad axe
              (26 damage)
             ... in a bailey.
             The game lasted 00:20:19 (6002 turns).

Shayle the Covert (Vampire Enchanter)               Turns: 6002, Time: 00:20:19

Health: -18/56     AC:  4    Str:  7    XL:     9   Next: 62%
Magic:  9/18       EV: 15    Int: 19    God:    Gozag
Gold:   131        SH:  0    Dex: 17    Spells: 9/20 levels left

rFire   + . .      SeeInvis +   a - +1 dagger
rCold   + + .      Faith    .   (no shield)
rNeg    + + +      Spirit   .   b - +0 robe
rPois   ∞          Reflect  .   n - +1 helmet "Saywuixu" {rF+}
rElec   .          Harm     .   (no cloak)
rCorr   .          Rampage  .   (no gloves)
Will    .....                   (no boots)
Stlth   +++++++...              (no amulet)
HPRegen 0.00/turn               (no ring)
MPRegen 0.16/turn               (no ring)

@: gold aura, bloodless, inhibited regen, invisible
A: bloodless, fangs 3, see invisible, vampiric 2
a: Bat Form, Revivify, Renounce Religion, Potion Petition, Call Merchant, Bribe
Branch


You were in a bailey.
You worshipped Gozag.
Gozag was aware of your devotion.
You visited 2 branches of the dungeon, and saw 8 of its levels.
You also visited: Ossuary and Bailey.

You collected 674 gold pieces.
You spent 117 gold pieces at shops.
You paid 426 gold pieces to Gozag.

Inventory:

Hand Weapons
 a - a +1 dagger (weapon)
 F - a +2 vorpal hand axe
 G - a +3 war axe
Missiles
 e - 15 poisoned darts (quivered)
Armour
 b - a +0 robe (worn)
 g - the +1 robe of Free Expression {rN+}
   (You found it on level 4 of the Dungeon)

   rN:        It protects you from negative energy.
 n - the +1 helmet "Saywuixu" (worn) {rF+}
   (You took it off Robin on level 2 of the Dungeon)

   rF:        It protects you from fire.
Jewellery
 B - a +4 ring of protection
Wands
 r - a wand of flame (33)
Scrolls
 c - 2 scrolls of fear {unknown}
 d - 5 scrolls of noise {unknown}
 f - 3 scrolls of silence
 i - a scroll of magic mapping {unknown}
 j - 3 scrolls of blinking {unknown}
 k - 2 scrolls of vulnerability {unknown}
 m - a scroll of poison {unknown}
 q - 2 scrolls of teleportation {unknown}
 s - a scroll of enchant armour {unknown}
 t - 4 scrolls of immolation {unknown}
 u - a scroll of acquirement {unknown}
 y - 2 scrolls of identify
Potions
 h - a potion of magic {unknown}
 l - 5 potions of mutation
 o - 2 potions of haste
 p - a potion of heal wounds {unknown}
 v - a potion of brilliance {unknown}
 w - a potion of curing
 x - a potion of cancellation
 z - a potion of ambrosia
 A - a potion of degeneration {unknown}
 D - a potion of lignification {unknown}
 E - a potion of flight {unknown}


   Skills:
 + Level 6.3 Fighting
 - Level 1.1(5.5) Short Blades
 - Level 8.0 Long Blades
 + Level 6.2 Dodging
 - Level 12.0 Stealth
 + Level 6.4 Spellcasting
 - Level 9.7 Hexes
 - Level 3.1 Ice Magic


You had 9 spell levels left.
You knew the following spells:

 Your Spells              Type           Power      Damage    Failure   Level
a - Ensorcelled Hibernat  Hex/Ice        60%        N/A       1%          2
b - Confusing Touch       Hex            43%        N/A       1%          3
c - Tukima's Dance        Hex            43%        N/A       1%          3
d - Dazzling Flash        Conj/Hex       48%        N/A       4%          3

Your spell library contained the following spells:

 Spells                   Type           Power      Damage    Failure   Level
 Apportation              Tloc           12%        N/A       11%         1
 Necrotise                Necr           24%        1d5       11%         1
 Summon Small Mammal      Summ           24%        N/A       11%         1


Dungeon Overview and Level Annotations

Branches:
Dungeon (7/15)             Temple (1/1) D:4         Ossuary (visited)
 Bailey (1/1)

Altars:
Cheibriados
Fedhas
Gozag
Makhleb
Nemelex Xobeh
Okawaru
Qazlal
Ru
Vehumet
Yredelemnul

Shops:
D:4 !

Annotations:
Bailey Prince Ribbit


Innate Abilities, Weirdness & Mutations

You do not regenerate when monsters are visible.
You are frail without blood (-20% HP).
You can heal yourself when you bite living creatures.
You are immune to poison.
You have razor-sharp teeth.
You have supernaturally acute eyesight. (SInv)
You are afflicted with vampirism and can become a bat while bloodless.


Message History

You hit the bullfrog.
The bullfrog is moderately wounded.
The bullfrog barely misses you. The bullfrog completely misses you.
You catch the helpless gnoll completely off-guard!
You bite the gnoll, and draw its blood!
You feel better.
You impale the gnoll!!
You kill the gnoll!
The bullfrog hits you.
* * * LOW HITPOINT WARNING * * *
You hit the bullfrog.
The bullfrog is heavily wounded.
Prince Ribbit is distracted by your dazzling golden aura.
The bullfrog misses you.
The human is distracted by your dazzling golden aura.
The human shouts!
Prince Ribbit croaks.
You hit the bullfrog. You bite the bullfrog.
You draw the bullfrog's blood!
You feel better.
The bullfrog is severely wounded.
Casting: Dazzling Flash (dangerous; 4% risk of failure)
Confirm with . or Enter, or press ? or * to list all spells.
Aiming: Ensorcelled Hibernation (safe; 1% risk of failure)
Press: ? - help, Shift-Dir - straight line, f - vault guard
Aim: a vault guard, wielding a +0 broad axe and wearing a +0 plate armour (blind, chance to affect: 26%)
The vault guard resists with almost no effort.
The human is no longer distracted by gold.
Prince Ribbit is no longer distracted by gold.
The vault guard is no longer blind.
The human hits you with a +1 vorpal hand axe.
* * * LOW HITPOINT WARNING * * *
x2 Prince Ribbit is distracted by your dazzling golden aura.
Casting: Ensorcelled Hibernation (safe; 1% risk of failure)
Confirm with . or Enter, or press ? or * to list all spells.
Aiming: Ensorcelled Hibernation (safe; 1% risk of failure)
Press: ? - help, Shift-Dir - straight line, f/p - vault guard
Aim: a vault guard, wielding a +0 broad axe and wearing a +0 plate armour (chance to affect: 26%)
The vault guard resists with almost no effort.
Prince Ribbit croaks.
The vault guard hits you with a +0 broad axe!!
You die...
Your body crumbles into a pile of gold.

#.....# #.∩.∩.#
######..)..#
##....##.[.##
##......#'#+#
#....#....#~~
#..####...#F~~
#...p$#...#~~~~
#..Fp@#...##~~~#
###F###..## #+##
#≈~..≈#..+
#≈~..≈####
##≈p.≈##≈##
#≈~.F≈≈~≈#
$#≈~..g~~≈##
##≈pp..~~~≈#
#≈~$$..~~~≈#


You could see a vault guard, Prince Ribbit (wandering, unable to see you), a
human (unable to see you) and a bullfrog (unable to see you).

Vanquished Creatures
  A hornet (D:7)
  A wyvern (D:7)
  4 humans (Bailey)
  A steam dragon (D:6)
  A water moccasin (D:7)
  An orc warrior (D:7)
  A sky beast (D:7)
  2 ice beasts
  A phantom (D:4)
  An elf zombie (Ossuary)
  A necrophage (D:6)
  7 bullfrogs
  A scorpion (D:5)
  3 hounds
  2 human zombies (Ossuary)
  A gnoll bouda (D:4)
  A jelly (D:6)
  2 iguanas (D:5)
  2 hound zombies (Ossuary)
  4 mummies
  Robin (D:2)
  7 gnolls
  7 adders
  2 white imps
  2 ufetubi
  An adder zombie (Ossuary)
  2 worms (D:2)
  A dart slug (D:4)
  9 orcs
  5 endoplasms
  5 giant cockroaches
  3 gnoll zombies (Ossuary)
  7 hobgoblins
  4 jackals (D:2)
  3 kobolds
  6 quokkas
  4 ball pythons
  3 bats
  A frilled lizard (D:1)
  17 goblins
  5 goblin zombies
  4 hobgoblin zombies
  6 jackal zombies (Ossuary)
  6 kobold zombies (Ossuary)
  2 orc zombies (Ossuary)
  4 quokka zombies (Ossuary)
  8 rats
  4 rat zombies (Ossuary)
167 creatures vanquished.

Notes
Turn   | Place    | Note
-------+----------+-------------------------------------------
     0 | D:1      | Shayle the Vampire Enchanter began the quest for the Orb.
     0 | D:1      | Reached XP level 1. HP: 13/13 MP: 3/3
    73 | D:1      | You fall into a shaft and drop 1 floor!
   136 | D:2      | Reached skill level 5 in Stealth
   136 | D:2      | Reached XP level 2. HP: 14/20 MP: 5/5
   187 | D:2      | Learned a level 2 spell: Ensorcelled Hibernation
   257 | D:2      | Reached skill level 1 in Fighting
   307 | D:1      | Gained mutation: You are afflicted with vampirism and can
                  | become a bat while bloodless. [Vampire growth]
   307 | D:1      | Reached XP level 3. HP: 17/26 MP: 2/6
   731 | D:1      | Reached skill level 5 in Hexes
   988 | D:2      | Reached skill level 6 in Stealth
  1174 | D:2      | Reached XP level 4. HP: 31/32 MP: 2/7
  1498 | D:2      | Identified the +1 helmet "Saywuixu" {rF+}
  1498 | D:2      | Noticed Robin
  2008 | D:2      | Killed Robin
  2293 | D:3      | Reached skill level 5 in Long Blades
  2293 | D:3      | Reached skill level 5 in Dodging
  2293 | D:3      | Reached skill level 9 in Stealth
  2293 | D:3      | Reached XP level 5. HP: 42/42 MP: 7/11
  2294 | D:3      | Reached skill level 5 in Fighting
  2294 | D:3      | Reached skill level 10 in Stealth
  2294 | D:3      | Reached skill level 5 in Spellcasting
  2294 | D:3      | Reached XP level 6. HP: 51/51 MP: 8/14
  2507 | D:4      | Learned a level 3 spell: Confusing Touch
  2511 | D:4      | Learned a level 3 spell: Tukima's Dance
  2515 | D:4      | Learned a level 3 spell: Dazzling Flash
  2540 | D:4      | Found a staircase to the Ecumenical Temple.
  2627 | D:4      | Found a sand-covered staircase.
  2632 | Ossuary  | Entered an ossuary
  2864 | Ossuary  | Reached skill level 11 in Stealth
  2864 | Ossuary  | Reached XP level 7. HP: 54/56 MP: 15/15
  3307 | Temple   | Entered the Ecumenical Temple
  3471 | Temple   | Became a worshipper of Gozag Ym Sagoz the Greedy
  3571 | D:4      | Identified the +1 robe of Free Expression {rN+}
  3583 | D:4      | Found Kaemirul's Distillery.
  3594 | D:4      | Bought a potion of curing for 39 gold pieces
  3594 | D:4      | Bought a potion of curing for 39 gold pieces
  3594 | D:4      | Bought a potion of curing for 39 gold pieces
  4124 | D:5      | Entered Level 5 of the Dungeon
  4294 | D:5      | Found a sparkling altar of Nemelex Xobeh.
  4403 | D:5      | Found a burning altar of Makhleb.
  4411 | D:5      | Reached XP level 8. HP: 63/63 MP: 16/16
  5685 | D:7      | Noticed a hornet
  5692 | D:7      | Killed a hornet
  5693 | D:7      | Reached XP level 9. HP: 65/69 MP: 10/17
  5701 | D:7      | Found a flagged portal.
  5702 | D:7      | Found a stormy altar of Qazlal.
  5714 | D:7      | Reached skill level 12 in Stealth
  5753 | Bailey   | Entered a bailey
  5960 | Bailey   | Noticed Prince Ribbit
  5995 | Bailey   | Noticed a vault guard
  6002 | Bailey   | Demolished by a vault guard

Illustrated notes

Levels and vault maps discovered:
D:1:      shiori_shiawase, layout_basic
D:2:      layout_loops_ring, minivault_4,
          nicolae_concentric_dashed_squares_mild,
          hangedman_abyss_or_decor_stabs, uniq_robin
D:3:      layout_rooms
D:4:      layout_basic, minmay_temple_entry_ruins, serial_shops,
          nicolae_lakefront_shop, nicolae_ossuary_entry_giza
D:5:      layout_loops_ring, nemelex_xobeh_ov_fountains_minmay,
          old_standard_altar, makhleb_heckhound_becter
D:6:      layout_rooms
D:7:      layout_basic, xom_redecorated, gammafunk_temple_overflow_claw,
          enter_bailey_5, hangedman_feature_mirror
Temple:   hellmonk_temple_flake
Bailey:   bailey_axe_froggy_fort_hellmonk, bailey

Skill      XL: |  1  2  3  4  5  6  7  8  9 |
---------------+----------------------------+-----
Stealth        | 5 6 9 10 11 12 | 12.0
Fighting       | 1 4 5 6 |  6.3
Hexes          | 5 8 9 |  9.7
Long Blades    | 5 7 8 |  8.0
Dodging        | 5 6 |  6.2
Spellcasting   | 4 5 6 |  6.4
Ice Magic      | 3 |  3.1
Short Blades   | |  1.1

Action                   |  1- 3 |  4- 6 |  7- 9 || total
-------------------------+-------+-------+-------++-------
Melee: Dagger            |   110 |   146 |   235 ||   491
       Bite              |     5 |    20 |    25 ||    50
       Punch             |       |     2 |     4 ||     6
 Cast: Ensorcelled Hiber |     9 |    21 |    45 ||    75
       Confusing Touch   |       |     2 |     9 ||    11
       Dazzling Flash    |       |       |     3 ||     3
Invok: Potion Petition   |       |       |     1 ||     1
 Abil: Exsanguinate      |       |       |     1 ||     1
  Use: Potion            |     3 |     2 |     5 ||    10
       Scroll            |     1 |     1 |     3 ||     5
 Stab: Invisible         |     2 |       |     4 ||     6
       Sleeping          |    15 |    21 |    51 ||    87
       Confused          |       |     2 |     6 ||     8
       Distracted        |       |       |     1 ||     1
Armor: Robe              |    18 |    37 |    28 ||    83
Dodge: Dodged            |    88 |    78 |   165 ||   331
